 Dungeon Crawl Stone Soup version 0.29.1-15-g9cfb28693d (webtiles) character file.

Game seed: 4183396274060443392

21 Poisonhead11 the Shield-Bearer (level 3, -6/30 HPs)
             Began as a Djinni Fighter on Mar 22, 2023.
             Mangled by Jessica
             ... wielding a +6 club
              (7 damage)
             ... on level 2 of the Dungeon.
             The game lasted 00:09:55 (302 turns).

Poisonhead11 the Shield-Bearer (Djinni Fighter)      Turns: 302, Time: 00:09:56

Health: -6/30      AC:  6    Str: 17    XL:     3   Next: 5%
Gold:   22         EV:  9    Int:  9    God:
                   SH:  4    Dex: 12

rFire   + + .      SeeInvis .   a - +0 long sword
rCold   x . .      Faith    .   c - +0 buckler
rNeg    . . .      Spirit   .   b - +0 scale mail
rPois   ∞          Reflect  .   (no helmet)
rElec   .          Harm     .   (no cloak)
rCorr   .          Rampage  .   (no gloves)
Will    .....                   (boots unavailable)
Stlth   ..........              (no amulet)
HPRegen 0.10/turn               (no ring)
MPRegen 0.00/turn               (no ring)

@: mighty, flying
A: sickness immunity, fire resistance 2, cold vulnerability 1, float, innate
caster, HP casting, extra vitality 1
a: no special abilities


You were on level 2 of the Dungeon.
You visited 1 branch of the dungeon, and saw 2 of its levels.

You collected 22 gold pieces.

Inventory:

Hand Weapons
 a - a +0 long sword (weapon)
 e - a +0 club
 f - a +0 dagger
 g - a +0 dagger
 h - a +0 short sword
 k - a +0 whip
 l - a +0 short sword
Armour
 b - a +0 scale mail (worn)
 c - a +0 buckler (worn)
Jewellery
 i - a ring of poison resistance


   Skills:
 + Level 3.2 Fighting
 + Level 2.0 Long Blades
 + Level 3.2 Armour
 + Level 3.3 Shields


You had one spell level left.
You knew the following spells:

 Your Spells              Type           Power      Damage    Failure   Level
a - Beastly Appendage     Tmut           0%         N/A       87%         1
Your spell library was empty.

Dungeon Overview and Level Annotations

Branches:
Dungeon (2/15)

Altars:

Annotations:
D:2 Jessica


Innate Abilities, Weirdness & Mutations

You are immune to sickness and miasma.
You are immune to poison.
Your flesh is very heat resistant. (rF++)
You are vulnerable to cold. (rC-)
You float through the air rather than walking.
You learn spells naturally, not from books.
Your magical power is your life essence.
You have superior vitality. (+4 MHP)


Message History

The hobgoblin shouts!
Jessica shouts!
Found 16 gold pieces.
There is a stone staircase leading up here.
You hit the dart slug.
The dart slug is heavily wounded.
You slash the dart slug!
You kill the dart slug!
Jessica points at you and mumbles some strange words.
Pain shoots through your body!
* * * LOW HITPOINT WARNING * * *
You have reached level 3!
Your experience leads to an increase in your attributes!
Increase (S)trength, (I)ntelligence, or (D)exterity?
Uppercase letters only, please.
Uppercase letters only, please.
You feel stronger. x2
The power to cast Beastly Appendage wells up from within.
Spell assigned to 'a'.
Sorry, you're not good enough to have a special ability.
Sorry, you're not good enough to have a special ability.
You feel very mighty all of a sudden.
You slash the hobgoblin!
You kill the hobgoblin!
Jessica mumbles something strange.
Jessica points at you and mumbles some strange words.
You barely resist. You block Jessica's attack.
You see here 16 gold pieces.
Jessica casts a spell.
Jessica seems to speed up.
The worm barely misses you. You block Jessica's attack.
Jessica hits you with a +6 club.
* * * LOW HITPOINT WARNING * * *
You see here 16 gold pieces.
You barely miss Jessica. Jessica hits you with a +6 club.
* * * LOW HITPOINT WARNING * * *
Jessica completely misses you.
You slash the worm!
The worm is heavily wounded.
Jessica hits you with a +6 club!
You die...

#+# ##.##
##...##
##.....#
...⌠..
#...#
#...#
#.w.#
#.@†#
#.@.#
...⌠...
##.....##
##...##
##.## #.#
..#


You could see a worm and Jessica (fast).

Vanquished Creatures
  A dart slug (D:2)
  2 endoplasms (D:1)
  2 giant cockroaches (D:1)
  3 goblins (D:1)
  A hobgoblin (D:2)
  3 jackals (D:1)
  2 kobolds (D:1)
  2 rats (D:1)
16 creatures vanquished.

Notes
Turn   | Place    | Note
-------+----------+-------------------------------------------
     0 | D:1      | Poisonhead11 the Djinni Fighter began the quest for the
                  | Orb.
     0 | D:1      | Reached XP level 1. HP: 20/20 MP: 0/0
    53 | D:1      | Reached XP level 2. HP: 24/25 MP: 0/0
   117 | D:1      | Found a faded altar of an unknown god.
   293 | D:2      | Noticed Jessica
   296 | D:2      | Reached XP level 3. HP: 6/30 MP: 0/0
   296 | D:2      | Learned a level 1 spell: Beastly Appendage
   301 | D:2      | HP: 1/30 [Jessica/+6 club (2)]
   302 | D:2      | Mangled by Jessica

Illustrated notes

Levels and vault maps discovered:
D:1:      minmay_arrival_cross, layout_loops_ring,
          hellmonk_ecumenical_altar_arch_garden
D:2:      minmay_spotlight, layout_basic, minivault_24, grunt_ministairs_15,
          minmay_pentomino_r2, uniq_crazy_yiuf_cottage, uniq_jessica

Skill      XL: |  1  2 |
---------------+-------+-----
Long Blades    | 2 |  2.0
Fighting       | |  3.2
Armour         | |  3.2
Shields        | |  3.3

Action                   || total
-------------------------++-------
Melee: Long sword        ||    47
  Use: Potion            ||     3
Armor: Scale mail        ||    28
       Skin              ||     1
Dodge: Dodged            ||    21
Block: Buckler           ||    11
